[Event "*** SCC Grand Prix: Titled Tuesday Blitz"]
[Site "Chess.com"]
[Date "2020.07.14"]
[Round "10"]
[White "KingCrusher275"]
[Black "WildTricks"]
[Result "1-0"]
[WhiteElo "2403"]
[BlackElo "2499"]
[TimeControl "180+1"]
[EndTime "11:58:35 PDT"]
[Termination "KingCrusher275 won on time"]

1. d4 Nf6 2. c4 e6 3. Nc3 Bb4 4. Qc2 b6 5. a3 Bxc3+ 6. Qxc3 Bb7 7. Bg5 h6 8. Bh4 O-O 9. f3 c5 10. e3 Nc6 11. Bd3 cxd4 12. exd4 Ne4 13. Bxd8 Nxc3 14. Bh4 Na4 15. b3 Nb2 16. Bf1 Nxd4 17. Ra2 Nxb3 18. Rxb2 Na5 19. Be7 Rfc8 20. c5 bxc5 21. Rb5 Nc6 22.
Bd6 Ba6 23. Rxc5 Bxf1 24. Kxf1 Nd4 25. Ne2 Nf5 26. Rxc8+ Rxc8 27. Bb4 Rc2 28. Kf2 Nd4 29. Re1 Ra2 30. Kf1 Nc2 31. Nc3 Rb2 32. Re2 Ne3+ 33.
Rxe3 d5 34. Nb5 a6 35. Nc7 1-0

[Event "*** SCC Grand Prix: Titled Tuesday Blitz"]
[Site "Chess.com"]
[Date "2020.07.14"]
[Round "10"]
[White "Maghalashvili"]
[Black "Mbneu"]
[Result "0-1"]
[WhiteElo "2729"]
[BlackElo "2252"]
[TimeControl "180+1"]
[EndTime "11:58:36 PDT"]
[Termination "Mbneu won on time"]

1. Nf3 Nf6 2. g4 Nxg4 3. Rg1 d6 4. Nc3 Ne5 5. e3 Bg4 6. Be2 Bxf3 7. Bxf3 Nxf3+ 8. Qxf3 c6 9. b3 g6 10. Bb2 Bg7 11.
O-O-O Nd7 12. h4 h5 13. Kb1 a5 14. d4 Qc7 15. Ne4 a4 16. Ng5 Nf6 17. e4 axb3 18. axb3 e6 19. c4 Ng4 20. Qf4 e5 21. Qd2 exd4 22.
Bxd4 Bxd4 23. Qxd4 O-O 24. f3 c5 25. Qd2 Ne5 26.
Qxd6 Qa5 27. Qxe5 Qa2+ 28. Kc1 Qxb3 29. Rd2 Rfd8 30. Rc2 Qe3+ 31. Kb2 Qxg1 32. f4 Qa1+ 0-1

[Event "*** SCC Grand Prix: Titled Tuesday Blitz"]
[Site "Chess.com"]
[Date "2020.07.14"]
[Round "10"]
[White "sertalzin"]
[Black "Boudicca64"]
[Result "1-0"]
[WhiteElo "1955"]
[BlackElo "1784"]
[TimeControl "180+1"]
[EndTime "11:58:36 PDT"]
[Termination "sertalzin won on time"]

1. d4 g6 2. c4 Bg7 3. Nc3 c5 4. d5 Bxc3+ 5. bxc3 f5 6. e4 fxe4 7. f3 e5 8. fxe4 Qh4+ 9. Kd2 Nf6 10. Nf3 Nxe4+ 11.
Kc2 Qh5 12. Qe1 d6 13. Bd3 Nf6 14. h3 e4 15. Bxe4 O-O 16. g4 Bxg4 17. hxg4 Qxg4 18.
Rh4 Qg2+ 19. Nd2 Re8 20. Bxg2 Rxe1 21. Bb2 Re2 22. Bh1 Nbd7 23. Rf1 Rae8 24. Kd1 g5 25. Rh6 Ng4 26. Rxd6 Nf2+ 27. Kc2 Nxh1 28. Rxh1 Ne5 29. Kd1 1-0

[Event "*** SCC Grand Prix: Titled Tuesday Blitz"]
[Site "Chess.com"]
[Date "2020.07.14"]
[Round "10"]
[White "Mikasinski"]
[Black "shav3184"]
[Result "0-1"]
[WhiteElo "2484"]
[BlackElo "2329"]
[TimeControl "180+1"]
[EndTime "11:58:37 PDT"]
[Termination "shav3184 won by resignation"]

1. e4 e5 2. Nf3 Nc6 3. Nc3 Nf6 4.
Bb5 d6 5. d4 exd4 6. Nxd4 Bd7 7. Bxc6 bxc6 8. Qf3 Be7 9. O-O O-O 10. b3 Re8 11.
Bb2 Bf8 12. Rfe1 c5 13. Nf5 g6 14. Ne3 Bg7 15. Rab1 a5 16. Ned5 Bc6 17. a4 Nxd5 18. exd5 Bd7 19. Ne4 Bxb2 20. c3 f5 21. Nd2 Rxe1+ 22.
Rxe1 Qf6 23. Re3 Re8 24. Rxe8+ Bxe8 25. Ne4 Qe5 26. Nd2 Qe1+ 27. Nf1 Bxc3 28. h4 Bd4 29. Kh2 Qxf1 30. g3 Qxf2+ 0-1

[Event "*** SCC Grand Prix: Titled Tuesday Blitz"]
[Site "Chess.com"]
[Date "2020.07.14"]
[Round "10"]
[White "ValentinDragnev"]
[Black "doctorcristian"]
[Result "1-0"]
[WhiteElo "2683"]
[BlackElo "2403"]
[TimeControl "180+1"]
[EndTime "11:58:37 PDT"]
[Termination "ValentinDragnev won on time"]

1. Nf3 Nf6 2. c4 b6 3. g3 Bb7 4.
Bg2 g6 5. O-O Bg7 6. d4 O-O 7.
d5 Na6 8. Nd4 Nc5 9. Nc3 a5 10. e4 e5 11. Nc2 d6 12. b3 Bc8 13.
Rb1 Bd7 14. a3 a4 15. b4 Nb3 16. Be3 Ng4 17. Nb5 Nxe3 18. fxe3 h5 19. Na1 Bg4 20. Qd3 Nxa1 21. Rxa1 h4 22. h3 Bd7 23. g4 Bh6 24.
Nc3 Qg5 25. Rf3 f6 26. Raf1 Rf7 27. c5 bxc5 28. bxc5 dxc5 29. d6 c6 30. Qc4 Kg7 31. Nxa4 Ra5 32. Nxc5 Rxa3 33. Nxd7 Rxd7 34. Qe6 Rf7 35.
d7 Rd3 36. Rxf6 Qxe3+ 37. Kh1 Rfxd7 38. Rxg6+ Kh7 39. Rf7+ 1-0

[Event "*** SCC Grand Prix: Titled Tuesday Blitz"]
[Site "Chess.com"]
[Date "2020.07.14"]
[Round "10"]
[White "Nara_Kh"]
[Black "Ariadna_Atreides"]
[Result "1-0"]
[WhiteElo "2270"]
[BlackElo "2091"]
[TimeControl "180+1"]
[EndTime "11:58:37 PDT"]
[Termination "Nara_Kh won on time"]

1. e4 c5 2. Nf3 d6 3. d4 cxd4 4.
Nxd4 Nf6 5. Nc3 Nc6 6. h3 e5 7.
Nf3 Be7 8. Bc4 O-O 9. O-O a6 10. Bg5 Be6 11. Bb3 h6 12. Bxf6 Bxf6 13. Nd5 Bxd5 14.
Bxd5 Qc7 15. c3 Rac8 16. Qe2 Be7 17. Nh2 Kh8 18. Qh5 Bg5 19. h4 g6 20. Qg4 Be7 21. h5 Kg7 22. Qe2 Bg5 23. Rad1 Ne7 24. Bb3 f5 25.
hxg6 f4 26. Qg4 Nxg6 27. Nf3 Qe7 28. Kh2 Kh7 29. Rh1 Rcd8 30. Kg1 Kg7 31. Rh5 Qf6 32. Nxg5 hxg5 33. Rxg5 Rh8 34. Be6 Rh4 35. Rxg6+ Qxg6 36.
Qxh4 Qxe6 37. Qxd8 Qxa2 38. Qe7+ 1-0

[Event "*** SCC Grand Prix: Titled Tuesday Blitz"]
[Site "Chess.com"]
[Date "2020.07.14"]
[Round "10"]
[White "chessdjw"]
[Black "StephenDedalus83"]
[Result "0-1"]
[WhiteElo "2672"]
[BlackElo "2817"]
[TimeControl "180+1"]
[EndTime "11:58:38 PDT"]
[Termination "StephenDedalus83 won on time"]

1. d4 Nf6 2. c4 g6 3. Nc3 Bg7 4. e4 d6 5. f3 O-O 6. Be3 a6 7. Nge2 Nbd7 8. Qd2 c5 9. d5 b5 10. cxb5 Qa5 11. a4 Nb6 12. Nc1 axb5 13. Bxb5 Ba6 14. Ra3 Nc4 15. Bxc4 Bxc4 16. Kf2 Rfb8 17. b3 Ng4+ 18.
fxg4 Bxc3 19. Qc2 Qb4 20. Ra2 Bxb3 21. Nxb3 Qxb3 22. Qxb3 Rxb3 23. Rc1 Ba5 24. h3 Rab8 25. Rcc2 Kg7 26. Bg5 R8b7 27. Re2 Bc3 28. a5 Ra7 29. a6 Rb6 30. Kf3 f6 31. Be3 Rbxa6 32. Rxa6 Rxa6 33. Rc2 Ra3 34. Ke2 Be5 35. Rc1 Ra4 36. Kf3 Ra3 37. Ke2 h5 38. gxh5 gxh5 39. g4 hxg4 40. hxg4 Kg6 41. Rb1 c4 42. Rb7 Kf7 43.
Rc7 Ra2+ 44. Kf3 c3 45. g5 Rh2 0-1

[Event "*** SCC Grand Prix: Titled Tuesday Blitz"]
[Site "Chess.com"]
[Date "2020.07.14"]
[Round "10"]
[White "AndrewMaco"]
[Black "RodinMihail"]
[Result "0-1"]
[WhiteElo "2606"]
[BlackElo "2488"]
[TimeControl "180+1"]
[EndTime "11:58:39 PDT"]
[Termination "RodinMihail won by resignation"]

1. e4 e5 2. Nf3 Nc6 3. Bb5 a6 4. Ba4 Bc5 5. O-O Nge7 6. c3 Ba7 7. d4 exd4 8. cxd4 d5 9. exd5 Nxd5 10. Re1+ Be6 11.
Bxc6+ bxc6 12. Bg5 Qd6 13. Nbd2 O-O 14. Nc4 Qb4 15.
Qc2 Rfe8 16. a3 Qf8 17. b4 f6 18. Bh4 Bg4 19. Qd3 Bxf3 20. Qxf3 Bxd4 21. Rad1 Rxe1+ 22. Rxe1 Re8 23. Rd1 Nc3 24. Rf1 Re4 25. Bg3 Qf7 26. Nd2 Re2 27. Qd3 Qd5 28. Kh1 Be5 29. Qxd5+ cxd5 30. Nf3 d4 31. Re1 d3 32. Rxe2 Nxe2 33.
Bxe5 fxe5 34. Nd2 Kf7 35. g3 Ke6 36. Kg2 Kd5 37. Kf3 Kd4 38. a4 Nc3 39. b5 axb5 40. a5 b4 41. a6 Nb5 42. Nb3+ Kc3 43. Nc5 b3 44. Ke3 b2 45. Na4+ Kc2 46. Nxb2 Kxb2 47. Kxd3 Kb3 48. Ke4 c5 49. Kd5 Kb4 50.
Kxe5 c4 51. f4 c3 52. f5 c2 53. g4 c1=Q 54. h4 Qh6 55. h5 Qf6+ 56. Ke4 Qxa6 57. g5 Qd6 58. f6 gxf6 59. g6 hxg6 60. hxg6 Qe5+ 0-1

[Event "*** SCC Grand Prix: Titled Tuesday Blitz"]
[Site "Chess.com"]
[Date "2020.07.14"]
[Round "10"]
[White "Stormeman100100"]
[Black "francyIM"]
[Result "0-1"]
[WhiteElo "2468"]
[BlackElo "2660"]
[TimeControl "180+1"]
[EndTime "11:58:40 PDT"]
[Termination "francyIM won by checkmate"]

1. Nf3 c5 2. b3 d6 3. Bb2 Nc6 4.
g3 e5 5. d3 g6 6. Bg2 Bg7 7.
O-O Nge7 8. c4 O-O 9. Nc3 h6 10.
Nd2 Rb8 11. Nd5 a6 12. f4 b5 13. cxb5 axb5 14. Nxe7+ Nxe7 15. fxe5 dxe5 16. Ne4 Bb7 17. Nf6+ Bxf6 18. Rxf6 Bxg2 19. Kxg2 Nf5 20. Rxf5 gxf5 21. Qc1 Qd6 22. Qe3 Rfe8 23. Rf1 f4 24. Qe4 Qg6 25.
Qd5 Rbc8 26. Bxe5 fxg3 27. Rf3 gxh2+ 28. Rg3 Qxg3+ 29. Bxg3 Rxe2+ 30. Kh3 Rce8 31. Bxh2 R8e3+ 32. Bg3 Rd2 33. Qd8+ Kg7 34. Qd6 Rdxd3 35. Qxc5 Rxg3+ 36. Kh2 Rg5 37. Qc2 Rd6 38. Qb2+ Kg8 39. a4 Rdg6 40. Qa2 Rh5# 0-1

[Event "*** SCC Grand Prix: Titled Tuesday Blitz"]
[Site "Chess.com"]
[Date "2020.07.14"]
[Round "10"]
[White "Slovak_fighter2000"]
[Black "Miss_JJ20"]
[Result "1-0"]
[WhiteElo "2447"]
[BlackElo "2291"]
[TimeControl "180+1"]
[EndTime "11:58:42 PDT"]
[Termination "Slovak_fighter2000 won by resignation"]

1. d4 Nf6 2. Bf4 d5 3. Nf3 c5 4. e3 Nc6 5. Nbd2 Nh5 6. Bg5 h6 7. Bh4 g5 8. Bg3 cxd4 9. exd4 Bg4 10. c3 Qb6 11. Qb3 Qxb3 12. axb3 Nxg3 13. hxg3 Bg7 14. Bd3 a6 15. b4 O-O 16. O-O e6 17. Nb3 Rac8 18.
Nc5 Rc7 19. b5 axb5 20. Bxb5 Re8 21. Nxb7 Rb8 22. Bxc6 Rxc6 23. Na5 Rc7 24. Ra2 Bf5 25. Ne5 f6 26. Nec6 Rb6 27. Nb4 Bf8 28. Ra4 Ra7 29. Rfa1 Kg7 30. Nac6 Rc7 31. Ra7 Rxc6 32. Nxc6 Rxa7 33.
Rxa7+ Kg6 34. Ne7+ Kh5 35. Nxf5 exf5 36. Rf7 Bd6 37.
Rxf6 Be7 38. Rxf5 Kg4 39. Rxd5 Kh5 40. f3 Kg6 41. g4 Kf6 42. Rb5 Ke6 43. Kf2 Kd6 44.
Rb6+ Kc7 45. Rxh6 1-0

[Event "*** SCC Grand Prix: Titled Tuesday Blitz"]
[Site "Chess.com"]
[Date "2020.07.14"]
[Round "10"]
[White "WeAintSurePal"]
[Black "Alexandercs432"]
[Result "1-0"]
[WhiteElo "2271"]
[BlackElo "2096"]
[TimeControl "180+1"]
[EndTime "11:58:42 PDT"]
[Termination "WeAintSurePal won by checkmate"]

1. e4 e5 2. Nf3 Nf6 3. Nc3 Nc6 4. Bb5 Bb4 5. O-O O-O 6. Nd5 Bc5 7. Bxc6 dxc6 8.
Nxf6+ Qxf6 9. h3 Be6 10. d3 h6 11. Qe2 Rfd8 12. Bd2 a5 13. Bc3 Bd6 14. Nh2 Qg6 15.
Qf3 c5 16. Ng4 Bxg4 17. Qxg4 Qxg4 18. hxg4 b5 19. f3 b4 20. Bd2 g5 21. Be3 Kg7 22.
Kf2 Kg6 23. Rh1 Rh8 24. Rh5 c6 25. Rah1 f6 26. Rd1 a4 27. Rd2 a3 28. b3 Rad8 29. Rh1 Be7 30. Rc1 Rd7 31. Ke2 Rdd8 32. c3 Rc8 33.
cxb4 cxb4 34. Rc4 Rhd8 35. Rdc2 Rd6 36. Bc5 Re6 37. Bxe7 Rxe7 38. Rxc6 Rxc6 39. Rxc6 Rb7 40.
Ke3 Rb8 41. Rc7 Rb6 42. d4 exd4+ 43. Kxd4 Rb8 44. Kc4 Rb6 45. Rc5 Rb8 46. Rb5 Rd8 47.
Kxb4 Rd2 48. Kxa3 Rxg2 49. Rf5 Rg3 50. b4 h5 51. gxh5+ Kxh5 52. b5 Kh4 53. Kb4 g4 54. fxg4 Kxg4 55. Rxf6 Re3 56. Re6 Kf4 57. a4 Re1 58. b6 Ke3 59. a5 Kd3 60. Kb5 Rb1+ 61. Kc6 Kd4 62. a6 Kc4 63. a7 Ra1 64. Kb7 Kb5 65.
a8=Q Rh1 66. Qa6+ Kb4 67. Ka7 Rh7+ 68. b7 Rh8 69. Qb6+ Kc3 70. Rc6+ Kd2 71. Qb2+ Ke1 72. Rc1# 1-0

[Event "*** SCC Grand Prix: Titled Tuesday Blitz"]
[Site "Chess.com"]
[Date "2020.07.14"]
[Round "10"]
[White "otrov-11"]
[Black "TimKett"]
[Result "1-0"]
[WhiteElo "2370"]
[BlackElo "2169"]
[TimeControl "180+1"]
[EndTime "11:58:43 PDT"]
[Termination "otrov-11 won on time"]

1. d4 d5 2. c4 e6 3. Nf3 c5 4. cxd5 exd5 5. Nc3 Nc6 6. g3 Nf6 7. Bg2 cxd4 8. Nxd4 Bc5 9. Be3 Qb6 10. Nc2 d4 11.
Na4 Qa5+ 12. Bd2 Qxa4 13. O-O O-O 14. b3 Qa6 15. Ne1 Ne5 16. h3 Bd7 17. Rc1 Rac8 18.
Bf4 Qe6 19. Bxe5 Qxe5 20. Nd3 Qd6 21. Bxb7 Rc7 22. Bg2 Rfc8 23. Qd2 h6 24. Rc2 Bb6 25. Rxc7 Rxc7 26. Rd1 Bc6 27. Bf1 Ne4 28. Qb2 Nc3 29. Rd2 Qd5 30. f3 Qg5 31. Kf2 Re7 32. h4 Qe3+ 33. Kg2 Bc7 34. Nf2 Ne4 35. Nxe4 Rxe4 36. Rd3 Qxd3 37. exd3 Re3 38. Be2 Bb6 39. Kf2 g5 40.
hxg5 hxg5 41. Qc2 Bd5 42. Qc8+ Kg7 43. Qd7 Be6 44. Qd6 Kg6 45. a4 Kg7 46. a5 Bxa5 47.
Qxd4+ 1-0

[Event "*** SCC Grand Prix: Titled Tuesday Blitz"]
[Site "Chess.com"]
[Date "2020.07.14"]
[Round "10"]
[White "ChessicallyInclined"]
[Black "GGfrances"]
[Result "0-1"]
[WhiteElo "2501"]
[BlackElo "2408"]
[TimeControl "180+1"]
[EndTime "11:58:45 PDT"]
[Termination "GGfrances won by checkmate"]

1. d4 Nf6 2. c4 g6 3. Nc3 Bg7 4. e4 O-O 5. f3 d6 6. Be3 Nc6 7.
Nge2 a6 8. Qd2 Rb8 9. Rc1 Bd7 10. Nd1 b5 11. c5 e6 12. Nf2 Ne8 13. g3 f5 14. Bg2 Nf6 15. O-O Qe7 16. d5 exd5 17. exd5 Ne5 18. c6 Bc8 19. Nh3 Nc4 20. Rxc4 bxc4 21. Nc3 Rxb2 22. Qxb2 Qxe3+ 23. Nf2 Re8 24. Qc2 h5 25. Kh1 h4 26. Nfd1 Qh6 27. Kg1 h3 28.
Bh1 f4 29. g4 Qg5 30. Qd2 Nxg4 31. fxg4 Qxg4+ 32. Kf2 Qh4+ 33. Kg1 Qg5+ 34. Kf2 Bf5 35. Bf3 Bd3 36. Ne2 Qh4+ 37. Kg1 Rxe2 38. Bxe2 Bd4+ 39. Kh1 Qg5 40. Bf3 Bxf1 41. Qxd4 Bg2+ 42. Kg1 Bxf3+ 43. Kf1 Qg2+ 44. Ke1 Qe2# 0-1

[Event "*** SCC Grand Prix: Titled Tuesday Blitz"]
[Site "Chess.com"]
[Date "2020.07.14"]
[Round "10"]
[White "DinaBelenkaya"]
[Black "Vladislav_Chizhikov"]
[Result "0-1"]
[WhiteElo "2272"]
[BlackElo "2427"]
[TimeControl "180+1"]
[EndTime "11:58:45 PDT"]
[Termination "Vladislav_Chizhikov won by resignation"]

1. e4 e6 2. Qe2 Be7 3. g3 d5 4.
exd5 exd5 5. Bg2 Nf6 6. Nf3 O-O 7. O-O c5 8. d3 Nc6 9. Bg5 Re8 10. Qd2 h6 11. Bf4 Be6 12. Nc3 d4 13. Ne4 Nd5 14. h4 Nxf4 15. Qxf4 f5 16. Bh3 Qd7 17. Ned2 Bd6 18.
Ne5 Bxe5 19. Qf3 Bf6 20. Rae1 Ne5 21. Qh5 Kh7 22. f4 g6 23. Qd1 Nc6 24. h5 Bf7 25.
g4 gxh5 26. gxh5 Rxe1 27. Rxe1 Re8 28. Ne4 Bh4 29. Rf1 Bd5 30. Kh2 Bxe4 31. dxe4 Rxe4 32. Qd3 Qe6 33. Rg1 Re2+ 34. Kh1 Ne7 35. Rg6 Qe4+ 36. Qxe4 Rxe4 37. Rd6 Re3 38. Rd7 Rxh3+ 39. Kg2 Re3 40. Rxb7 Re2+ 41. Kf1 Rxc2 42. a4 d3 43.
Rxa7 Rc1+ 44. Kg2 d2 45. Rd7 d1=Q 46. Rxd1 0-1

[Event "*** SCC Grand Prix: Titled Tuesday Blitz"]
[Site "Chess.com"]
[Date "2020.07.14"]
[Round "10"]
[White "Matibar"]
[Black "IMHansNiemann"]
[Result "0-1"]
[WhiteElo "2704"]
[BlackElo "2876"]
[TimeControl "180+1"]
[EndTime "11:58:47 PDT"]
[Termination "IMHansNiemann won by checkmate"]

1. e4 g6 2. d4 Bg7 3. Nf3 c6 4. Bd3 d5 5. Nbd2 Bg4 6. c3 dxe4 7. Nxe4 Nf6 8. h3 Bxf3 9. Qxf3 Nbd7 10. Ng3 O-O 11. O-O e5 12. Be3 Nd5 13. Bc4 exd4 14. cxd4 N7b6 15. Bb3 f5 16. Ne2 Kh8 17. Nf4 Nxf4 18.
Qxf4 Nd5 19. Qf3 Nf6 20. Rfd1 Ne4 21. d5 c5 22. d6 Bxb2 23. Rab1 Bg7 24. Rbc1 b6 25. Bd5 Rc8 26. Bxe4 fxe4 27. Qxe4 Qd7 28. Bg5 Rce8 29. Be7 Bf6 30. Bxf6+ Rxf6 31. Qd5 Ree6 32.
Qa8+ Kg7 33. Re1 Rxd6 34. Re8 Rd1+ 35. Rxd1 Qxd1+ 36. Kh2 Rxf2 37. Qxa7+ Rf7 38. Qxb6 Qd4 39. Qb8 c4 40. Rg8+ Kh6 41. Qg3 Rf1 42. h4 Qg1+ 43. Kh3 Rf5 44. Rc8 Qd4 45. Kh2 Rh5 46. Qc7 Qxh4+ 47.
Kg1 Qe1# 0-1

[Event "*** SCC Grand Prix: Titled Tuesday Blitz"]
[Site "Chess.com"]
[Date "2020.07.14"]
[Round "10"]
[White "TimofeevAr"]
[Black "bgfbfbgfbgfgf"]
[Result "1-0"]
[WhiteElo "2808"]
[BlackElo "2671"]
[TimeControl "180+1"]
[EndTime "11:58:47 PDT"]
[Termination "TimofeevAr won by resignation"]

1. c4 Nf6 2. Nc3 g6 3. g3 Bg7 4. Bg2 O-O 5. d3 d6 6. Nf3 c5 7. Bd2 Nc6 8. Qc1 Re8 9. Bh6 Bh8 10.
O-O a6 11. a3 Rb8 12. Rb1 b5 13. cxb5 axb5 14. b4 cxb4 15. axb4 Bd7 16. Qd2 Ng4 17.
Bf4 h5 18. Rfc1 Nd4 19. Nd5 Nxf3+ 20. Bxf3 Ne5 21. Bg2 e6 22. Nc7 Re7 23. Rc2 Be8 24. Rbc1 d5 25. Na6 Ra8 26. Nc5 Rea7 27. e4 dxe4 28.
Bxe4 Ra1 29. Bxe5 Bxe5 30. Bxa8 Qxa8 31. Ne4 Kg7 32. Rxa1 Qxa1+ 33. Rc1 Qa3 34. h4 Bd7 35. Nc5 Bc6 36. Nxe6+ fxe6 37. Rxc6 Bd4 38. Rc7+ Kg8 39. Qe2 Qa1+ 40. Kh2 Qa8 41. Qxe6+ Kh8 42. Qd7 1-0

[Event "*** SCC Grand Prix: Titled Tuesday Blitz"]
[Site "Chess.com"]
[Date "2020.07.14"]
[Round "10"]
[White "crazychessbr"]
[Black "shnitez"]
[Result "1-0"]
[WhiteElo "2115"]
[BlackElo "2506"]
[TimeControl "180+1"]
[EndTime "11:58:47 PDT"]
[Termination "crazychessbr won on time"]

1. e4 c5 2. d3 Nc6 3. g3 g6 4. Bg2 Bg7 5. f4 d6 6. Nf3 e6 7. O-O Nge7 8. c3 O-O 9. Be3 f5 10. Bf2 b6 11. Na3 Ba6 12. Re1 Qd7 13. Qd2 Rad8 14.
Rad1 h6 15. Nc2 Kh7 16. h3 Bb7 17. Kh2 a6 18. d4 fxe4 19. Nh4 cxd4 20. Bxe4 dxc3 21.
bxc3 d5 22. Bxb6 Rc8 23. Qd3 Qe8 24. Bf3 Qf7 25. Bg4 Nf5 26. Bxf5 exf5 27. Nd4 Rfe8 28. Re3 Re4 29. Rxe4 dxe4 30. Qe3 Qxa2+ 31. Rd2 Qf7 32. g4 fxg4 33. hxg4 Nxd4 34. Bxd4 Bxd4 35. Rxd4 Rf8 36. f5 gxf5 37. Nxf5 Qg6 38. Rd6 Qg5 39. Rxh6+ 1-0

[Event "*** SCC Grand Prix: Titled Tuesday Blitz"]
[Site "Chess.com"]
[Date "2020.07.14"]
[Round "10"]
[White "RusPakhom"]
[Black "harlem4brew"]
[Result "0-1"]
[WhiteElo "2244"]
[BlackElo "2119"]
[TimeControl "180+1"]
[EndTime "11:58:47 PDT"]
[Termination "harlem4brew won by checkmate"]

1. c4 e6 2. Nc3 Nf6 3. d4 Bb4 4. Qc2 d5 5. Nf3 O-O 6. e3 Ne4 7. Bd2 Nxd2 8. Nxd2 dxc4 9. Bxc4 c5 10. Nf3 Nc6 11.
Rd1 cxd4 12. Nxd4 Nxd4 13. Rxd4 Qc7 14. O-O Bc5 15. Rdd1 b6 16. Nb5 Qe5 17. Nd4 Bb7 18. Be2 Rac8 19. Qa4 a5 20. a3 Bxd4 21. Rxd4 Rfd8 22.
Rxd8+ Rxd8 23. Qb3 Qg5 24. f3 Bd5 25. Qxb6 Re8 26.
e4 Ba8 27. Rd1 h5 28. Qb5 Qe3+ 29. Kh1 Rf8 30. Qd3 Qf4 31. Bf1 h4 32. b4 axb4 33. axb4 f5 34. exf5 h3 35. fxe6 hxg2+ 36. Bxg2 Qxb4 37.
Qd4 Qe7 38. Qe3 Re8 39. Re1 Bd5 40. f4 Bxg2+ 41. Kxg2 Qb7+ 42. Qe4 Qb2+ 43. Re2 Qf6 44. f5 Qg5+ 45. Kf2 Rf8 46. e7 Rxf5+ 47. Ke1 Qc1# 0-1

[Event "*** SCC Grand Prix: Titled Tuesday Blitz"]
[Site "Chess.com"]
[Date "2020.07.14"]
[Round "10"]
[White "ikhasu"]
[Black "binbin239"]
[Result "1-0"]
[WhiteElo "2439"]
[BlackElo "2517"]
[TimeControl "180+1"]
[EndTime "11:58:48 PDT"]
[Termination "ikhasu won by checkmate"]

1. d4 Nf6 2. Bf4 g6 3. Nc3 d5 4. e3 c5 5. Nb5 Na6 6. Be2 Bg7 7. Nf3 O-O 8. Ne5 Nd7 9. Nxd7 Bxd7 10. a4 Nb4 11. c3 Nc6 12. dxc5 e5 13. Bg3 a6 14.
Nd6 d4 15. O-O b6 16. cxb6 Qxb6 17. Nc4 Qb7 18. exd4 exd4 19. Bf3 Rad8 20. cxd4 Qb4 21. Rc1 Be6 22. d5 Bf5 23. Bd6 Rxd6 24. Nxd6 Nd4 25.
Nxf5 Nxf5 26. Re1 Qxb2 27. d6 Bd4 28. Rc2 Qb6 29. d7 Qd6 30. Bg4 Rd8 31. Bxf5 gxf5 32. Re8+ Kg7 33. Rd2 Rxd7 34. Ree2 Qb4 35. g3 a5 36. Qc2 Rb7 37. Qxf5 Bf6 38. Kg2 Qxa4 39. Rd6 Qb4 40. Qxf6+ Kf8 41. Rd8# 1-0

[Event "*** SCC Grand Prix: Titled Tuesday Blitz"]
[Site "Chess.com"]
[Date "2020.07.14"]
[Round "10"]
[White "Jabberwockiez"]
[Black "guillembaches"]
[Result "0-1"]
[WhiteElo "2286"]
[BlackElo "2399"]
[TimeControl "180+1"]
[EndTime "11:58:48 PDT"]
[Termination "guillembaches won on time"]

1. e4 c5 2. Nc3 Nc6 3. Nf3 d6 4.
d4 cxd4 5. Nxd4 Nf6 6. Be3 Ng4 7. Bg5 Qb6 8. Bb5 Bd7 9. Bxc6 bxc6 10. O-O e5 11. Nf5 Bxf5 12. exf5 Nf6 13. Bxf6 gxf6 14. Ne4 Qd8 15. c4 Be7 16. Qa4 Qc7 17. Rfd1 O-O 18. Qb3 Kh8 19. Qh3 Rg8 20. Qh6 Qd7 21. Rxd6 Bxd6 22. Qxf6+ Rg7 23. Nxd6 Kg8 24. Qxe5 Rd8 25.
c5 f6 26. Qe3 Kh8 27. Re1 Rdg8 28. g3 a5 29. Qe6 Rf8 30. Qb3 Qa7 31. Qc3 h5 32.
Ne4 Qf7 33. f3 h4 34. Nd6 Qd5 0-1

[Event "*** SCC Grand Prix: Titled Tuesday Blitz"]
[Site "Chess.com"]
[Date "2020.07.14"]
[Round "10"]
[White "fighter2jz"]
[Black "Tash_Boy"]
[Result "1-0"]
[WhiteElo "2823"]
[BlackElo "2672"]
[TimeControl "180+1"]
[EndTime "11:58:49 PDT"]
[Termination "fighter2jz won by resignation"]

1. e4 c5 2. Nf3 d6 3. d4 cxd4 4.
Nxd4 Nf6 5. Nc3 e6 6. Be2 Be7 7. O-O O-O 8. f4 Nc6 9. Be3 e5 10. Nb3 exf4 11. Bxf4 Be6 12. Kh1 Nd7 13. Qd3 Nde5 14.
Qg3 Bh4 15. Qe3 Ng6 16. Bg3 Bg5 17. Qf2 f5 18. exf5 Rxf5 19. Qe1 Rxf1+ 20. Bxf1 Qd7 21. Rd1 Bg4 22. Rxd6 Qf7 23. Bb5 Re8 24. Qf1 Qxf1+ 25. Bxf1 Nb4 26. Rd4 Rf8 27. Bc4+ Kh8 28. Rxg4 Bf4 29.
Bd3 Nxd3 30. cxd3 Be5 31. h3 Rf1+ 32. Kh2 Bf6 33. Nd2 Ra1 34. Rc4 h5 35. h4 Ne5 36.
Bxe5 Bxe5+ 37. g3 Rc1 38. Nce4 Re1 39. Kg2 Kh7 40. Nf3 Re2+ 41. Kf1 Rxb2 42. Nxe5 Rb1+ 43. Kf2 b5 44. Ng5+ Kh6 45. Rc6+ 1-0

[Event "*** SCC Grand Prix: Titled Tuesday Blitz"]
[Site "Chess.com"]
[Date "2020.07.14"]
[Round "10"]
[White "Vesper2018"]
[Black "Angel_Hranitel_37"]
[Result "1-0"]
[WhiteElo "2593"]
[BlackElo "2419"]
[TimeControl "180+1"]
[EndTime "11:58:49 PDT"]
[Termination "Vesper2018 won by checkmate"]

1. e4 c5 2. Nc3 Nc6 3. Bb5 Nd4 4. Bc4 e6 5. Nge2 Ne7 6. O-O Nec6 7. d3 a6 8. a4 Be7 9. f4 O-O 10. Be3 Nxe2+ 11. Qxe2 Nd4 12. Qf2 Qc7 13. Kh1 f6 14.
a5 Kh8 15. Na4 Qxa5 16. Nxc5 Qxc5 17. Bxd4 Qc6 18. Bb6 Bd8 19. Bxd8 Rxd8 20. f5 b5 21. Bb3 Bb7 22. Qg3 d5 23. e5 fxe5 24. Qxe5 d4 25. Rf2 exf5 26. Qxf5 h6 27. Raf1 a5 28.
Re1 Re8 29. Ref1 a4 30. Ba2 a3 31. bxa3 Rxa3 32. Bb3 Raa8 33. h3 Re3 34. Kh2 Rae8 35.
Qg4 Qd6+ 36. Kh1 Re2 37. Rxe2 Rxe2 38. Qxe2 Qg3 39. Qe8+ Kh7 40. Bg8+ Kh8 41. Bf7+ Kh7 42. Qg8# 1-0

[Event "*** SCC Grand Prix: Titled Tuesday Blitz"]
[Site "Chess.com"]
[Date "2020.07.14"]
[Round "10"]
[White "poppy73"]
[Black "sasko1234"]
[Result "1-0"]
[WhiteElo "2250"]
[BlackElo "2377"]
[TimeControl "180+1"]
[EndTime "11:58:49 PDT"]
[Termination "poppy73 won on time"]

1. e4 d6 2. d4 Nf6 3. Nc3 c6 4. Be3 Qa5 5. f3 e5 6. Qd2 b5 7.
a4 b4 8. Nce2 Be7 9. c3 bxc3 10.
bxc3 O-O 11. h4 Be6 12. Nh3 Bxh3 13. Rxh3 Nbd7 14. h5 d5 15. Ng3 dxe4 16. fxe4 exd4 17. Bxd4 Rfd8 18. Nf5 Bf8 19. Bd3 c5 20. Bxf6 Nxf6 21. Qc2 Re8 22. Kf1 c4 23. Bxc4 Rxe4 24. Nd4 Rae8 25.
Bd3 R4e5 26. Nc6 Qd5 27. Nxe5 Rxe5 28. h6 g6 29. Rf3 Ng4 30. Qa2 Nh2+ 31. Kf2 Qc5+ 32.
Kg3 Nxf3 33. gxf3 Rg5+ 34. Kh3 1-0

[Event "*** SCC Grand Prix: Titled Tuesday Blitz"]
[Site "Chess.com"]
[Date "2020.07.14"]
[Round "10"]
[White "wannabe2700"]
[Black "Ucitelot"]
[Result "1-0"]
[WhiteElo "2657"]
[BlackElo "2509"]
[TimeControl "180+1"]
[EndTime "11:58:51 PDT"]
[Termination "wannabe2700 won on time"]

1. d4 d5 2. c4 e6 3. Nc3 c6 4. e3 Nf6 5. Nf3 Nbd7 6. Qc2 Bd6 7. Bd3 dxc4 8. Bxc4 b5 9. Be2 Bb7 10. O-O a6 11. e4 e5 12. dxe5 Nxe5 13. Nxe5 Bxe5 14. f4 Bd4+ 15. Kh1 O-O 16. Bf3 c5 17. Bd2 Re8 18.
Rae1 Rc8 19. e5 Bxf3 20. Rxf3 Ng4 21. h3 Qh4 22. Re2 c4 23. Ne4 f6 24. Nd6 Nf2+ 25.
Rfxf2 Bxf2 26. Nf5 Qh5 27. Rxf2 fxe5 28. Nd6 exf4 29. Nxc8 Re2 30. Qd1 f3 31. Rxf3 Qe5 32.
Bc3 Qe6 33. Qd8+ Qe8 34. Qd5+ Kh8 35. Nd6 Re1+ 36. Bxe1 Qxe1+ 37. Kh2 h6 38. Qf5 Qd2 39. Nf7+ 1-0

[Event "*** SCC Grand Prix: Titled Tuesday Blitz"]
[Site "Chess.com"]
[Date "2020.07.14"]
[Round "10"]
[White "Harsha_Bharathakoti"]
[Black "Paladin61"]
[Result "1-0"]
[WhiteElo "2788"]
[BlackElo "2669"]
[TimeControl "180+1"]
[EndTime "11:58:54 PDT"]
[Termination "Harsha_Bharathakoti won by resignation"]

1. d4 Nf6 2. c4 g6 3. Nc3 Bg7 4.
Nf3 O-O 5. e4 d6 6. Be2 e5 7. d5 a5 8. Bg5 h6 9. Be3 Ng4 10. Bd2 f5 11. h3 Nf6 12. exf5 gxf5 13. Qc1 f4 14. g3 e4 15. Nd4 e3 16. fxe3 fxg3 17. Qc2 Na6 18. O-O-O Qe8 19. Rdg1 Nb4 20. Qb1 Nh5 21. Bxh5 Qxh5 22. Rxg3 Kh8 23. Rxg7 Kxg7 24. Rg1+ Kh8 25. a3 Na6 26. Nce2 Qxh3 27. Nf4 Rxf4 28. exf4 Bg4 29. Qg6 Rg8 30. Qf6+ Kh7 31. Nf5 Nc5 32. Qf7+ Kh8 33. Bc3+ Qxc3+ 34. bxc3 Ne4 35. Nxh6 1-0